 Dungeon Crawl Stone Soup version 0.22.1-2-g9c5b331 (webtiles) character file.

53 MalarOregon the Poker (level 3, 28/28 HPs)
             Began as a Merfolk Gladiator on Dec 25, 2018.
             Was an Initiate of Nemelex Xobeh.
             Quit the game on level 2 of the Dungeon on Jan 5, 2019.
             The game lasted 00:02:57 (1284 turns).

MalarOregon the Poker (Merfolk Gladiator)           Turns: 1284, Time: 00:02:57

Health: 28/28      AC:  4    Str: 14    XL:     3   Next: 87%
Magic:  3/3        EV: 14    Int:  8    God:    Nemelex Xobeh [......]
Gold:   33         SH:  0    Dex: 15    Spells: 2/2 levels left

rFire    . . .     SeeInvis .   a - +0 trident
rCold    . . .     Gourm    .   (no shield)
rNeg     . . .     Faith    .   b - +0 leather armour
rPois    .         Spirit   .   c - +0 helmet
rElec    .         Reflect  .   (no cloak)
rCorr    .         Harm     .   (no gloves)
MR       .....                  (no boots)
Stlth    +.........             (no amulet)
HPRegen  0.09/turn              (no ring)
MPRegen  0.08/turn              (no ring)

@: no status effects
A: change form in water, swift swim, stealthy swim
a: Renounce Religion


You were on level 2 of the Dungeon.
You worshipped Nemelex Xobeh.
Nemelex Xobeh was noncommittal.
You were not hungry.

You visited 1 branch of the dungeon, and saw 2 of its levels.

You collected 33 gold pieces.

Inventory:

Hand Weapons
 a - a +0 trident (weapon)
Missiles
 d - 3 throwing nets (quivered) {!f}
Armour
 b - a +0 leather armour (worn)
 c - a +0 helmet (worn)
Scrolls
 g - a scroll of remove curse {unknown}
 i - a scroll of identify {unknown}
Potions
 f - a potion of heal wounds {unknown}
 j - a potion of curing {unknown}
 k - a potion of flight {unknown}
Miscellaneous
 l - a plain deck of summoning
   (Nemelex Xobeh gifted it to you on level 2 of the Dungeon)
Comestibles
 e - 3 rations {!d}
 h - 6 chunks of flesh


   Skills:
 + Level 2.9 Fighting
 * Level 5.7 Polearms
 - Level 2.0 Throwing
 + Level 4.6 Dodging


You had 2 spell levels left.
You didn't know any spells.
Your spell library was empty.

Dungeon Overview and Level Annotations

Branches:
Dungeon (2/15)

Altars:
Nemelex Xobeh


Message History

Found a stone staircase leading down.
There is a stone staircase leading down here.
A jackal comes into view.
A jackal comes into view.
The jackal barks!
You hear a bark!
A jackal comes into view.
Found a short sword.
Found a stone staircase leading up.
The jackal bites you.
You hit the jackal.
The jackal bites you but does no damage.
The jackal stops to sniff the ground.
You hit the jackal.
You kill the jackal!
The jackal bites you. The jackal misses you.
The jackal bites you but does no damage.
The jackal closely misses you.
You closely miss the jackal. The jackal closely misses you.
The jackal barely misses you.
You puncture the jackal!
You kill the jackal!
The jackal barely misses you.
The jackal bites you but does no damage.
You closely miss the jackal. The jackal barely misses you.
You hit the jackal. The jackal misses you.
You hit the jackal.
You kill the jackal!
No target in view!
Nemelex Xobeh grants you a gift! Something appears at your feet!
You see here a plain deck of summoning.
You see here a short sword.
A quokka comes into view.
The quokka closely misses you.
You puncture the quokka!
You kill the quokka!
No target in view!
No target in view!
No target in view!
You butcher the quokka corpse.
h - 6 chunks of flesh (gained 2)
You see here a quokka skeleton. x2
You see here a plain deck of summoning.
l - a plain deck of summoning Save game and exit?
Welcome back, MalarOregon the Merfolk Gladiator.
Nemelex Xobeh says: It's all in the cards!
Unknown command.
Unknown command.
Unknown command.
Unknown command.

###.###..#
#........#
#.#.#.#..#
#.#.#.#..#.#
#.#.#.#..#.#
#.#.#.#..#.#
#.#......#.######
#.###....#.......
#.# #.@..#.......
#.# #....#.......
#.# #<...).......
#.####..#########
#.......# #
######.## #. #.#
#.#.### #.#
#.....# #.#


There were no monsters in sight!

Vanquished Creatures
  A gnoll (D:2)
  A worm (D:2)
  2 dart slugs (D:1)
  2 leopard geckos (D:1)
  5 goblins (D:1)
  2 hobgoblins (D:1)
  5 jackals
  2 quokkas (D:2)
  7 bats (D:1)
  A frilled lizard (D:1)
  2 kobolds (D:1)
  3 rats (D:1)
33 creatures vanquished.

Notes
Turn   | Place    | Note
-------+----------+-------------------------------------------
     0 | D:1      | MalarOregon the Merfolk Gladiator began the quest for the
                  | Orb.
     0 | D:1      | Reached XP level 1. HP: 16/16 MP: 1/1
   274 | D:1      | Reached XP level 2. HP: 23/23 MP: 2/2
   288 | D:1      | Reached skill level 5 in Polearms
   685 | D:1      | Reached XP level 3. HP: 26/28 MP: 3/3
  1065 | D:2      | Found a sparkling altar of Nemelex Xobeh.
  1078 | D:2      | Became a worshipper of Nemelex Xobeh the Trickster
  1239 | D:2      | Received a gift from Nemelex Xobeh
  1284 | D:2      | Quit the game

Skill      XL: |  1  2 |
---------------+-------+-----
Polearms       | 5 |  5.7
Fighting       | |  2.9
Throwing       | |  2.0
Dodging        | |  4.6

Action                   || total
-------------------------++-------
Melee: Trident           ||   128
 Stab: Sleeping          ||     1
  Eat: Chunk             ||     1
Armor: Leather armour    ||    27
Dodge: Dodged            ||   115
